Map: Overgrown Facility

Players

PureLegacy

  • Race: Terran Terran
  • Spawn Location: 7:00

PeterPan

  • Race: Terran Terran
  • League: Master
  • Spawn Location: 9:00

Amis

  • Race: Terran Terran
  • League: Master
  • Spawn Location: 1:00

llllllllllll

  • Race: Terran Terran
  • Spawn Location: 3:00

VOD

Have the link to the VOD?

Description

Time

  • Played on: Nov. 23, 2018, 3:01 p.m.
  • Length: 5:32
Show
View Real Time Build Order
Export as new Build Order

PureLegacy Terran 

Build Orders: Gas First Reaper Expand, Hellion Banshee 

Get SALT Encoding   

  12  0:00  SCV  
  13  0:12  SCV  
  14  0:19  Supply Depot  
  14  0:25  SCV  
  15  0:30  Refinery  
  15  0:41  SCV  
  16  0:47  Barracks  
  16  0:53  SCV  
  17  1:05  SCV  
  18  1:17  SCV  
  19  1:35  Reaper  
  19  1:36  Orbital Command  
  20  1:47  Command Center  
  20  1:59  Factory  
  20  2:02  SCV  
  21  2:09  Barracks Reactor  
  21  2:16  Supply Depot, SCV  
  22  2:28  SCV  
  23  2:41  SCV  
  24  2:47  Starport  
  24  2:49  Refinery  
  24  2:52  Hellion  
  24  2:53  Hellion, SCV  
  29  2:59  Orbital Command  
  29  3:10  Barracks Tech Lab  
  29  3:14  Hellion x2  
  30  3:26  SCV  
  30  3:28  SCV  
  31  3:39  SCV  
  31  3:40  Hellion x2  
  36  3:44  SCV  
  33  3:57  SCV x2  
  33  4:00  Supply Depot  
  33  4:02  Cloaking Field, Banshee  
  35  4:15  Hellion x2  
  35  4:21  SCV  
  35  4:22  SCV  
  37  4:37  SCV x2  
  41  4:38  Hellion  
  41  4:39  Hellion  
  43  4:46  Banshee  
  43  4:49  SCV x2  
  48  4:52  Supply Depot  
  48  5:01  SCV x2  
  48  5:04  Hellion x2  
  54  5:13  SCV x2  
Show
View Real Time Build Order
Export as new Build Order

PeterPan Terran 

Build Orders:  

Get SALT Encoding   

  12  0:00  SCV  
  13  0:13  SCV  
  14  0:18  Supply Depot  
  14  0:25  SCV  
  15  0:31  Refinery  
  15  0:39  SCV  
  16  0:45  Barracks  
  16  0:51  SCV  
  17  1:03  SCV  
  18  1:15  SCV  
  19  1:32  Reaper, Orbital Command  
  20  1:44  Command Center  
  20  1:49  Refinery  
  20  1:58  Supply Depot  
  20  2:01  SCV  
  21  2:04  Reaper  
  22  2:13  SCV  
  23  2:18  Factory  
  23  2:25  SCV  
  24  2:37  SCV  
  24  2:43  Barracks Tech Lab  
  25  2:49  SCV  
  26  2:58  Orbital Command  
  26  3:01  SCV  
  26  3:03  Starport  
  27  3:13  SCV  
  27  3:17  Barracks Tech Lab  
  27  3:18  Cyclone  
  31  3:25  SCV  
  31  3:30  SCV  
  32  3:36  Marauder  
  32  3:37  SCV  
  33  3:42  SCV  
  32  3:52  SCV  
  32  3:53  Cyclone  
  36  4:00  SCV  
  37  4:05  SCV  
  38  4:12  Banshee  
  38  4:14  SCV  
  43  4:17  SCV  
  43  4:19  Command Center  
  43  4:20  Supply Depot  
  43  4:26  SCV  
  43  4:27  Barracks Tech Lab  
  43  4:29  SCV  
  45  4:38  SCV  
  46  4:42  SCV  
  47  4:48  Barracks  
  47  4:49  Factory Reactor, Barracks  
  47  4:55  SCV  
  47  4:56  SCV  
  49  5:04  Marine  
  53  5:08  Supply Depot  
  53  5:09  SCV  
  53  5:18  SCV  
Show
View Real Time Build Order
Export as new Build Order

Amis Terran 

Build Orders: Gas First Reaper Expand, Hellion Banshee 

Get SALT Encoding   

  12  0:01  SCV  
  13  0:13  SCV  
  14  0:25  Supply Depot  
  14  0:27  Refinery  
  14  0:29  SCV  
  15  0:46  SCV  
  15  0:49  Barracks  
  16  0:59  SCV  
  17  1:11  SCV  
  18  1:28  SCV  
  19  1:41  Reaper  
  19  1:42  Orbital Command  
  20  1:55  Refinery  
  20  1:58  Command Center  
  20  2:09  SCV  
  20  2:13  Factory  
  20  2:17  Barracks Reactor  
  20  2:22  SCV  
  21  2:32  Supply Depot  
  21  2:34  SCV  
  22  2:37  Refinery  
  22  2:46  SCV  
  24  2:58  SCV  
  24  3:01  Starport  
  24  3:03  Hellion x2  
  28  3:07  Barracks Tech Lab  
  28  3:10  SCV  
  29  3:24  Hellion x2  
  32  3:34  SCV  
  33  3:37  Orbital Command  
  33  3:46  SCV  
  33  3:48  Cloaking Field, Banshee  
  37  3:58  SCV  
  38  4:10  SCV  
  38  4:16  Hellion x2  
  39  4:21  SCV  
  39  4:23  SCV  
  37  4:25  Engineering Bay  
  37  4:31  Raven  
  37  4:33  SCV  
  37  4:35  SCV  
  37  4:38  Hellion x2  
  45  4:45  SCV  
  46  4:46  Supply Depot  
  46  4:48  Supply Depot  
  46  4:51  Supply Depot  
  46  5:07  SCV x2  
  48  5:16  Missile Turret  
  48  5:17  Missile Turret  
  48  5:20  SCV x2  
  52  5:27  Refinery  
  52  5:28  Refinery  
  52  5:30  Factory x2  
Show
View Real Time Build Order
Export as new Build Order

llllllllllll Terran 

Build Orders:  

Get SALT Encoding   

  12  0:00  SCV  
  13  0:13  SCV  
  14  0:18  Supply Depot  
  14  0:25  SCV  
  15  0:32  Refinery  
  15  0:40  SCV  
  16  0:46  Barracks  
  16  0:52  SCV  
  17  1:04  SCV  
  18  1:07  Barracks  
  18  1:20  Barracks  
  18  1:35  Reaper  
  18  1:37  Orbital Command  
  19  1:48  Supply Depot  
  19  1:56  Reaper  
  19  1:58  Refinery  
  20  2:04  SCV  
  21  2:09  Reaper  
  21  2:10  Reaper  
  23  2:20  SCV  
  24  2:27  Supply Depot  
  24  2:28  Reaper  
  25  2:39  SCV  
  25  2:41  Reaper  
  27  2:45  Reaper  
  27  2:51  SCV  
  29  3:03  SCV  
  30  3:06  Command Center  
  30  3:07  Reaper  
  31  3:26  Reaper  
  31  3:27  Reaper  
  31  3:28  SCV  
  33  3:40  SCV  
  35  3:52  SCV  
  31  3:59  Barracks  
  31  4:02  Barracks  
  32  4:04  SCV  
  32  4:08  Barracks Tech Lab  
  32  4:09  Marine x2  
  32  4:16  SCV  
  34  4:19  Engineering Bay  
  34  4:23  Orbital Command  
  34  4:27  Marine x2  
  36  4:33  Marine  
  36  4:34  SCV  
  38  4:45  Factory, Marine x2  
  39  4:49  Missile Turret  
  39  4:51  Marine  
  41  4:55  SCV  
  42  5:00  SCV  
  42  5:06  Missile Turret  
  43  5:07  Marine  
  43  5:08  SCV  
  43  5:13  Marine x2  
Tags
 
Add a new tag
Caveats
  • Supply blocks, unpowered buildings, or Contaminate may cause inaccurate times.
  • Supply counts are checked every 10 seconds.